 Dungeon Crawl Stone Soup version 0.30-a0-476-g330ca2eb8e (webtiles) character file.

Game seed: 2672180838825085266

477 cforsyth the Digger (level 7, -1/36 HPs)
             Began as a Gargoyle Earth Elementalist on Dec 21, 2022.
             Slain by Blork the orc
             ... wielding a +0 flail
              (5 damage)
             ... on level 5 of the Dungeon.
             The game lasted 00:09:46 (3925 turns).

cforsyth the Digger (Gargoyle Earth Elementalist)   Turns: 3925, Time: 00:09:47

Health: -1/36      AC:  7    Str: 12    XL:     7   Next: 11%
Magic:  9/12       EV: 12    Int: 28    God:
Gold:   213        SH:  0    Dex: 14    Spells: 12/13 levels left

rFire   . . .      SeeInvis .    e - +4 short sword "Sapiom" {venom, rPois Int+5 Dex+4}
rCold   . . .      Faith    .    (no shield)
rNeg    + . .      Spirit   .    a - +0 robe
rPois   ∞          Reflect  .    r - +0 helmet
rElec   +          Harm     .    (no cloak)
rCorr   .          Rampage  .    (no gloves)
Will    .....                    (no boots)
Stlth   ++++......               (no amulet)
HPRegen 0.26/turn                d - ring "Ruett" {Fly Int+6 Stlth+}
MPRegen 0.13/turn                h - +4 ring of slaying

@: attractive, flying
A: sickness immunity, AC +4, negative energy resistance 1, electricity
resistance, torment resistance 1, petrification resistance
a: no special abilities


You were on level 5 of the Dungeon.
You visited 1 branch of the dungeon, and saw 5 of its levels.

You collected 339 gold pieces.
You spent 126 gold pieces at shops.

Inventory:

Hand Weapons
 e - the +4 short sword "Sapiom" (weapon) {venom, rPois Int+5 Dex+4}
   (You found it on level 5 of the Dungeon)

   It poisons the flesh of those it strikes.
   Int:       It affects your intelligence (+5).
   Dex:       It affects your dexterity (+4).
   rPois:     It protects you from poison.
Armour
 a - a +0 robe (worn)
 r - a +0 helmet (worn)
Jewellery
 c - a ring of fire
 d - the ring "Ruett" (left hand) {Fly Int+6 Stlth+}
   (You acquired it on level 5 of the Dungeon)

   [ring of intelligence]

   Int:       It affects your intelligence (+6).
   Fly:       It grants you flight.
   Stlth:     It makes you more stealthy.
 h - a +4 ring of slaying (right hand)
Wands
 t - a wand of flame (9)
 x - a wand of roots (14)
Scrolls
 g - a scroll of brand weapon
 l - a scroll of silence
 m - a scroll of enchant weapon
 n - 3 scrolls of poison
 q - 3 scrolls of immolation
 u - 2 scrolls of fog
 v - a scroll of amnesia {unknown}
 w - a scroll of identify
Potions
 b - 2 potions of magic
 f - 2 potions of cancellation
 i - a potion of brilliance {unknown}
 j - a potion of attraction
 k - a potion of heal wounds {unknown}
 o - a potion of flight {unknown}
 p - a potion of resistance {unknown}
 s - a potion of curing {unknown}


   Skills:
 - Level 2.7 Dodging
 - Level 3.9 Stealth
 + Level 3.8 Spellcasting
 - Level 2.3 Transmutations
 + Level 5.7 Earth Magic


You had 12 spell levels left.
You knew the following spells:

 Your Spells              Type           Power      Damage    Failure   Level
a - Sandblast             Erth           74%        2d16      1%          1

Your spell library contained the following spells:

 Spells                   Type           Power      Damage    Failure   Level
 Passwall                 Tmut/Erth      23%        N/A       2%          2
 Sting                    Tmut/Pois      48%        1d5       4%          1
 Stone Arrow              Conj/Erth      42%        3d9       7%          3
 Summon Small Mammal      Summ           20%        N/A       8%          1
 Poisonous Vapours        Pois/Air       10%        N/A       12%         2
 Petrify                  Tmut/Erth      28%        N/A       14%         4
 Call Canine Familiar     Summ           5%         N/A       22%         3
 Summon Guardian Golem    Hex/Summ       5%         N/A       22%         3
 Olgreb's Toxic Radiance  Pois           5%         N/A       58%         4
 Irradiate                Conj/Tmut      6%         3d13      78%         5
 Sublimation of Blood     Necr           Unusable   N/A       N/A         2

Dungeon Overview and Level Annotations

Branches:
Dungeon (5/15)             Temple (0/1) D:5

Altars:
Elyvilon
Nemelex Xobeh
Trog
Uskayaw
Yredelemnul

Shops:
D:5 *

Annotations:
D:3 1 runed translucent door
D:5 1 runed translucent door, Blork the orc, Sigmund


Innate Abilities, Weirdness & Mutations

You are immune to sickness and miasma.
Your stone body is resilient. (AC +4)
You are immune to poison.
You resist negative energy. (rN+)
You are resistant to electric shocks. (rElec)
You are resistant to unholy torment.
You are immune to petrification.


Message History

You kill the quokka!
Blork the orc comes into view.
He is wielding a +0 flail and wearing a +2 robe of cold resistance.
Unknown command.
Sigmund the Dreaded comes into view.
He is wielding a +0 scythe.
The blast of sand hits Blork the orc!
Blork the orc is moderately wounded.
Blork the orc shouts!
Blork the orc screams, "I'll eat your brain!
And then I'll vomit it back up!"
Blork the orc casts a spell.
Blork the orc seems to speed up.
Unknown command.
The blast of sand hits Blork the orc.
Blork the orc is heavily wounded.
Blork the orc hits you with a +0 flail!
Unknown command.
The blast of sand hits Blork the orc!
Blork the orc is severely wounded.
Blork the orc gestures at you while chanting.
The puff of flame hits you. Sigmund barely misses you.
Blork the orc casts a spell at you. The puff of flame hits you.
Unknown command.
Blork the orc casts a cantrip, but nothing happens.
The blast of sand hits Blork the orc.
Blork the orc is almost dead.
Blork the orc hits you with a +0 flail. Blork the orc hits you with a +0 flail!
* * * LOW HITPOINT WARNING * * *
Sigmund hits you from afar with a +0 scythe.
* * * LOW HITPOINT WARNING * * *
Unknown command.
Okay, then.
Unknown command.
It was a potion of cancellation.
You feel magically purged. Blork the orc closely misses you.
Blork the orc hits you with a +0 flail.
* * * LOW HITPOINT WARNING * * *
Unknown command.
It was a potion of attraction.
You feel attractive to monsters. Blork the orc hits you with a +0 flail.
You die...

.. # ..# #.# #.#.#
#..# #.#.# ...##.#.#
#......### #.......
#..##.###########
#..@o@...........
#.....######.#........
#+### #...#.##..#.
###.#.....# ...
#....##... #$
##.##....##.#.
##†....##......
#....#....>.##.
#.#..#.##......


You could see Blork the orc (fast) and Sigmund.

Vanquished Creatures
  A necrophage (D:4)
  A water moccasin zombie (D:5)
  A scorpion (D:4)
  2 hounds (D:5)
  A human skeleton (D:3)
  An iguana (D:3)
  4 gnolls (D:5)
  5 adders
  An ufetubus (D:5)
  A worm (D:3)
  3 dart slugs
  An orc (D:3)
  9 ball pythons
  11 endoplasms
  4 giant cockroaches
  6 goblins
  6 hobgoblins
  2 jackals (D:2)
  9 kobolds
  6 quokkas
  6 bats
  2 frilled lizards (D:1)
  A kobold zombie (D:3)
  8 rats
92 creatures vanquished.

Vanquished Creatures (others)
  A plant (D:3)
1 creature vanquished.

Grand Total: 93 creatures vanquished

Notes
Turn   | Place    | Note
-------+----------+-------------------------------------------
     0 | D:1      | cforsyth the Gargoyle Earth Elementalist began the quest
                  | for the Orb.
     0 | D:1      | Reached XP level 1. HP: 10/10 MP: 3/3
   100 | D:1      | Reached skill level 1 in Transmutations
   100 | D:1      | Reached XP level 2. HP: 15/15 MP: 0/5
   528 | D:1      | Reached XP level 3. HP: 14/19 MP: 0/6
   846 | D:1      | Reached skill level 4 in Earth Magic
  1330 | D:2      | You are sucked into a shaft and drop 2 floors!
  1345 | D:4      | Reached XP level 4. HP: 24/24 MP: 2/7
  1439 | D:4      | Noticed a scorpion
  1444 | D:4      | Killed a scorpion
  1445 | D:4      | Reached XP level 5. HP: 28/28 MP: 3/9
  2184 | D:3      | Found a bloodstained altar of Trog.
  2246 | D:3      | Found a faded altar of an unknown god.
  2354 | D:3      | Noticed a human
  2355 | D:3      | Found a runed translucent door.
  2562 | D:3      | Found a basalt altar of Yredelemnul.
  2639 | D:3      | Found a hide-covered altar of Uskayaw.
  2846 | D:3      | Found a white marble altar of Elyvilon.
  2865 | D:3      | Reached XP level 6. HP: 32/32 MP: 8/10
  2949 | D:3      | Found a sparkling altar of Nemelex Xobeh.
  3529 | D:4      | Reached skill level 5 in Earth Magic
  3591 | D:5      | Entered Level 5 of the Dungeon
  3621 | D:5      | Identified a scroll of acquirement
  3621 | D:5      | Acquired the ring "Ruett" {Fly Int+6 Stlth+}
  3626 | D:5      | Identified the +4 short sword "Sapiom" {venom, rPois Int+5
                  | Dex+4}
  3699 | D:5      | Found Jotoim's Assorted Antiques.
  3710 | D:5      | Bought 3 scrolls labelled FAASHO KOFITWIY for 63 gold
                  | pieces
  3710 | D:5      | Bought a scroll labelled OGOXAM FAIDU for 21 gold pieces
  3710 | D:5      | Bought a scroll of identify for 42 gold pieces
  3793 | D:5      | Noticed an orc warrior
  3794 | D:5      | Found a staircase to the Ecumenical Temple.
  3818 | D:5      | Found a runed translucent door.
  3863 | D:5      | Reached XP level 7. HP: 26/36 MP: 8/12
  3912 | D:5      | Noticed Blork the orc
  3916 | D:5      | Noticed Sigmund
  3925 | D:5      | Slain by Blork the orc

Illustrated notes

Levels and vault maps discovered:
D:1:      mushboom_english_gardens, layout_basic
D:2:      layout_loops_corners
D:3:      layout_rooms, mainiacjoe_overflow_small_starburst,
          dk_yredelemnul_ordeal, mainiacjoe_overflow_24_doors,
          nemelex_dance_club_becter, mainiacjoe_overflow_tiny_flanked,
          shapermc_ecumenical_altar_totnotflames, saegor_snake_ambush
D:4:      layout_basic
D:5:      layout_basic, lemuel_mausoleum_altar_kikubaaqudgha,
          pdpol_wu_jian_five_deadly_venoms, minmay_temple_entry_ruins,
          cheibrodos_sewer_entry_bend, serial_shops, shop,
          uniq_crazy_yiuf_cottage, uniq_blork_the_orc, uniq_sigmund

Skill      XL: |  1  2  3  4  5  6 |
---------------+-------------------+-----
Transmutations | 1 2 |  2.3
Earth Magic    | 4 5 |  5.7
Dodging        | 2 |  2.7
Stealth        | 3 |  3.9
Spellcasting   | 3 |  3.8

Action                   |  1- 3 |  4- 6 |  7- 9 || total
-------------------------+-------+-------+-------++-------
Melee: Unarmed           |     7 |     4 |       ||    11
 Cast: Sandblast         |    58 |    83 |     7 ||   148
  Use: Scroll            |       |     8 |       ||     8
       Potion            |       |       |     2 ||     2
Armor: Robe              |    16 |    12 |     1 ||    29
Dodge: Dodged            |    26 |    32 |     4 ||    62

Table legend: (Time is in decaauts)
 A = Elapsed time spent in this place.
 B = Non-inter-level travel time spent in this place.
 C = Inter-level travel time spent in this place.
 D = Time resting spent in this place.
 E = Time spent auto-exploring this place.
 F = Levels seen in this place.
 G = Mean time per level.
                   A        B        C        D        E       F      G
               +--------+--------+--------+--------+--------+-----+--------+
         Total |   3999 |   3936 |     63 |    193 |   2934 |   5 |  799.8 |
       Dungeon |   3999 |   3936 |     63 |    193 |   2934 |   5 |  799.8 |
               +--------+--------+--------+--------+--------+-----+--------+

Top non-repeatable levels by time:
     D:2: 1165 daAuts
     D:1: 1004 daAuts
     D:3: 752 daAuts
     D:4: 734 daAuts
     D:5: 343 daAuts
